 Dungeon Crawl Stone Soup version 0.29.1-4-g47bece8355 (webtiles) character file.

Game seed: 12243215022852247811

317 GigaChad the Covered (level 6, -7/53 HPs)
             Began as a Minotaur Fighter on Dec 3, 2022.
             Mangled by an iguana (9 damage)
             ... on level 4 of the Dungeon.
             The game lasted 00:05:47 (3340 turns).

GigaChad the Covered (Minotaur Fighter)             Turns: 3340, Time: 00:05:48

Health: -7/53      AC:  6    Str: 22    XL:     6   Next: 20%
Magic:  5/5        EV:  7    Int:  5    God:
Gold:   155        SH:  8    Dex: 10    Spells: 5/5 levels left

rFire   . . .      SeeInvis .   f - +0 scimitar
rCold   . . .      Faith    .   w - +0 kite shield
rNeg    . . .      Spirit   .   o - +0 chain mail
rPois   .          Reflect  .   (helmet restricted)
rElec   .          Harm     .   t - +0 cloak
rCorr   .          Rampage  .   (no gloves)
Will    .....                   (no boots)
Stlth   ..........              l - amulet of the acrobat
HPRegen 0.17/turn               (no ring)
MPRegen 0.09/turn               (no ring)

@: lethally poisoned (-7 -> -12), corroded
A: horns 2, retaliatory headbutt
a: no special abilities


You were on level 4 of the Dungeon.
You visited 1 branch of the dungeon, and saw 4 of its levels.

You collected 155 gold pieces.

Inventory:

Hand Weapons
 a - a +0 war axe
 f - a +0 scimitar (weapon)
Armour
 b - a +0 scale mail
 c - a +0 buckler
 o - a +0 chain mail (worn)
 t - a +0 cloak (worn)
 w - a +0 kite shield (worn)
Jewellery
 l - an amulet of the acrobat (around neck)
Scrolls
 e - 2 scrolls of noise
 g - a scroll of magic mapping {unknown}
 m - 5 scrolls of identify {unknown}
 n - 2 scrolls of fog {unknown}
 u - a scroll of teleportation {unknown}
 v - a scroll of poison {unknown}
 x - a scroll of vulnerability {unknown}
Potions
 d - a potion of might
 h - 3 potions of curing {unknown}
 i - a potion of cancellation {unknown}
 j - a potion of lignification {unknown}
 k - a potion of degeneration {unknown}
 p - a potion of ambrosia {unknown}
 q - a potion of attraction {unknown}
 r - a potion of resistance {unknown}
 s - 4 potions of mutation {unknown}


   Skills:
 * Level 4.6 Fighting
 * Level 4.3 Long Blades
 - Level 2.5 Axes
 + Level 4.8 Armour
 * Level 2.1 Dodging
 * Level 4.7 Shields


You had 5 spell levels left.
You didn't know any spells.
Your spell library was empty.

Dungeon Overview and Level Annotations

Branches:
Dungeon (4/15)
 Temple: D:4-7

Altars:
Qazlal
Trog

Shops:
D:3 :


Innate Abilities, Weirdness & Mutations

You have a pair of horns on your head.
You reflexively headbutt those who attack you in melee.


Message History

You barely miss the orc. You headbutt the orc!
You kill the orc!
The jelly hits you.
You are splashed with acid.
The iguana bites you. The jelly hits you.
You are splashed with acid!
The iguana bites you. The jelly closely misses you.
You block the iguana's attack.
Things that are here:
a +0 club; an orc corpse You hit the jelly.
The acid corrodes you!
Your hands burn!
The jelly is moderately wounded.
The adder barely misses you. You furiously retaliate!
You headbutt the adder. You block the adder's attack.
The jelly hits you but does no damage. The iguana bites you.
* * * LOW HITPOINT WARNING * * *
You slash the jelly!
Your hands burn!
* * * LOW HITPOINT WARNING * * *
You headbutt the jelly.
You kill the jelly!
The adder completely misses you. The iguana bites you.
* * * LOW HITPOINT WARNING * * *
The adder bites you.
* * * LOW HITPOINT WARNING * * *
You are poisoned.
The adder poisons you!
You hit the iguana but do no damage.
* * * LOW HITPOINT WARNING * * *
You feel sick. The adder barely misses you. The iguana barely misses you.
The adder bites you but does no damage. The iguana completely misses you.
You hit the iguana.
The iguana is moderately wounded.
You feel sick. The adder bites you but does no damage.
You block the iguana's attack. The adder bites you but does no damage.
You hit the iguana.
The iguana is heavily wounded.
* * * LOW HITPOINT WARNING * * *
You feel sick. The adder bites you.
* * * LOW HITPOINT WARNING * * *
You are lethally poisoned!
The adder poisons you! You block the iguana's attack.
You block the adder's attack. The iguana bites you!
You die...

##....###.#.........
#....# #.#.........
########.#.........
##..)...........
#...............
#>#[.....#'#. #
#......#.#
#......#.# #.....@l#
##.#'#S#.#
..#.#.#.#.# ..#.#.#
#.#.# ...#.#.# #.#.#
..#.# #.# #.#.# ...#
#.# #.#. ..# #. #.#
.. #.


You could see an iguana and an adder.

Vanquished Creatures
  A phantom (D:4)
  A jelly (D:4)
  Natasha (thrice) (D:2)
  Terence (D:3)
  5 adders
  3 dart slugs
  2 orcs (D:4)
  5 endoplasms
  4 giant cockroaches
  11 goblins
  5 hobgoblins
  2 jackals (D:1)
  8 kobolds
  A quokka (D:1)
  3 ball pythons
  5 bats
  4 frilled lizards
  6 rats
70 creatures vanquished.

Notes
Turn   | Place    | Note
-------+----------+-------------------------------------------
     0 | D:1      | GigaChad the Minotaur Fighter began the quest for the Orb.
     0 | D:1      | Reached XP level 1. HP: 19/19 MP: 0/0
   158 | D:1      | Reached XP level 2. HP: 21/27 MP: 1/1
   893 | D:1      | Reached XP level 3. HP: 30/33 MP: 2/2
  1173 | D:1      | Reached skill level 1 in Long Blades
  1639 | D:2      | Noticed Natasha
  1643 | D:2      | Killed Natasha
  1644 | D:2      | Reached skill level 1 in Dodging
  1644 | D:2      | Reached XP level 4. HP: 40/40 MP: 3/3
  1735 | D:2      | Noticed Natasha
  1747 | D:2      | Killed Natasha
  2166 | D:2      | Noticed Natasha
  2174 | D:2      | Killed Natasha
  2175 | D:2      | Reached XP level 5. HP: 42/47 MP: 4/4
  2338 | D:3      | You fall into a shaft and drop 1 floor!
  2476 | D:3      | Noticed Terence
  2489 | D:3      | Killed Terence
  2743 | D:3      | Found a stormy altar of Qazlal.
  2744 | D:3      | Found a bloodstained altar of Trog.
  3044 | D:3      | Found Ucumewna's Vocational Training.
  3318 | D:4      | Noticed a phantom
  3332 | D:4      | Killed a phantom
  3333 | D:4      | Reached XP level 6. HP: 46/53 MP: 5/5
  3340 | D:4      | HP: 2/53 [adder (1)]
  3340 | D:4      | Mangled by an iguana

Illustrated notes

Levels and vault maps discovered:
D:1:      dpeg_arrival_windows_large_door, layout_loops_corners,
          kennysheep_another_room, minmay_box_of_dots
D:2:      layout_rooms, uniq_natasha
D:3:      layout_loops_ring, jmf_multi_god_temple, nicolae_shop_vocational,
          uniq_terence
D:4:      layout_basic

Skill      XL: |  1  2  3  4  5 |
---------------+----------------+-----
Armour         | 4 |  4.8
Shields        | 4 |  4.7
Fighting       | 4 |  4.6
Long Blades    | 2 3 4 |  4.3
Dodging        | 1 2 |  2.1
Axes           | |  2.5

Action                   |  1- 3 |  4- 6 || total
-------------------------+-------+-------++-------
Melee: War axe           |    23 |       ||    23
       Headbutt          |    11 |    13 ||    24
       Scimitar          |    63 |    90 ||   153
  Use: Scroll            |       |     1 ||     1
Armor: Scale mail        |    59 |       ||    59
       Chain mail        |       |    53 ||    53
Dodge: Dodged            |    47 |    62 ||   109
Block: Buckler           |    21 |    12 ||    33
       Kite shield       |       |    36 ||    36
